 Dungeon Crawl Stone Soup version 0.26-a0-663-g36e8fdb655 (webtiles) character file.

Game seed: 1218846853117558503

618 jiml777 the Grasshopper (level 7, 0/56 HPs)
             Began as a Gnoll Warper on Oct 11, 2020.
             Slain by a mummy (15 damage)
             ... in an ossuary.
             The game lasted 00:15:33 (3735 turns).

jiml777 the Grasshopper (Gnoll Warper)              Turns: 3735, Time: 00:15:33

Health: 0/56       AC: 12    Str: 13    XL:     7   Next: 45%
Magic:  15/15      EV: 14    Int: 18    God:
Gold:   170        SH:  0    Dex: 14    Spells: 15/17 levels left

rFire    . . .     SeeInvis .   g - +0 trident (protect)
rCold    . . .     Faith    .   (no shield)
rNeg     . . .     Spirit   .   h - +0 leather armour (curse)
rPois    .         Reflect  .   (no helmet)
rElec    .         Harm     .   (no cloak)
rCorr    .         Rampage  .   (no gloves)
MR       .....                  m - +1 pair of boots
Stlth    ++........             o - amulet of regeneration
HPRegen  0.58/turn              (no ring)
MPRegen  0.14/turn              (no ring)

@: protection aura
A: distributed training, fangs 1, strong nose
a: no special abilities


You were in an ossuary.
You visited 1 branch of the dungeon, and saw 4 of its levels.
You also visited: Ossuary.

You collected 170 gold pieces.

Inventory:

Hand Weapons
 a - a +0 spear
 g - a +0 trident of protection (weapon)
Missiles
 e - 5 boomerangs of dispersal
 l - 14 arrows
 n - 31 poisoned darts (quivered)
 q - 5 boomerangs
Armour
 b - a +0 leather armour
 f - a +0 scale mail
 h - a cursed +0 leather armour (worn)
 m - a +1 pair of boots (worn)
Jewellery
 o - an amulet of regeneration (around neck)
Wands
 p - a wand of paralysis (3)
 r - a wand of flame (12)
Scrolls
 c - 3 scrolls of identify
 d - a scroll of blinking
 s - a scroll of amnesia {unknown}
Potions
 i - a potion of brilliance
 j - 2 potions of heal wounds
 k - 3 potions of curing
 t - a potion of magic {unknown}


   Skills:
 + Level 5.2 Fighting
 + Level 2.5 Short Blades
 + Level 2.5 Long Blades
 + Level 2.5 Axes
 + Level 2.5 Maces & Flails
 + Level 5.2 Polearms
 + Level 2.5 Staves
 + Level 2.5 Slings
 + Level 2.5 Bows
 + Level 2.5 Crossbows
 + Level 3.6 Throwing
 + Level 3.6 Armour
 + Level 5.2 Dodging
 + Level 2.5 Stealth
 + Level 2.5 Shields
 + Level 2.5 Unarmed Combat
 + Level 5.6 Spellcasting
 + Level 2.0 Conjurations
 + Level 2.0 Hexes
 + Level 2.0 Summonings
 + Level 2.0 Necromancy
 + Level 5.8 Translocations
 + Level 2.0 Transmutations
 + Level 2.0 Fire Magic
 + Level 2.0 Ice Magic
 + Level 2.0 Air Magic
 + Level 2.0 Earth Magic
 + Level 2.0 Poison Magic
 + Level 2.8 Invocations
 + Level 2.5 Evocations


You had 15 spell levels left.
You knew the following spells:

 Your Spells              Type           Power        Failure   Level
a - Blink                 Tloc           N/A          1%          2

Your spell library contained the following spells:

 Spells                   Type           Power        Failure   Level
 Gell's Gravitas          Tloc           ####......   4%          3
 Lesser Beckoning         Tloc           ####......   4%          3
 Teleport Other           Tloc           ####....     4%          3
 Beastly Appendage        Tmut           ##....       7%          1
 Wereblood                Tmut           ##......     10%         2
 Passage of Golubria      Tloc           N/A          14%         4
 Spider Form              Tmut/Pois      ##........   21%         3
 Ice Form                 Ice/Tmut       ##......     54%         4
 Blade Hands              Tmut           ##........   88%         5


Dungeon Overview and Level Annotations

Branches:
Dungeon (4/15)            Ossuary (1/1)
 Temple: D:4-7

Altars:
Okawaru


Innate Abilities, Weirdness & Mutations

Your experience applies equally to all skills.
You have very sharp teeth.
Your uncanny sense of smell can sniff out nearby items.


Message History

The mummy hits you.
You hit the mummy but do no damage. You bite the mummy, but do no damage.
The mummy is moderately damaged.
The mummy hits you!
A mummy opens the door.
A goblin zombie comes into view.
You hit the mummy.
The mummy is moderately damaged.
You puncture the mummy!
The mummy is severely damaged.
You barely miss the mummy.
The goblin zombie hits you but does no damage.
You hit the mummy.
The mummy is lightly damaged.
The mummy hits you! The goblin zombie barely misses you. The mummy misses you.
You hit the mummy but do no damage.
The mummy is lightly damaged.
The mummy hits you!
* * * LOW HITPOINT WARNING * * *
The goblin zombie barely misses you. The mummy hits you!
You die...

??! #^# ###+###
#.# ##.....##
##.+
##.......###..#
#.........#...+
+....⌠....'...#
#.........#.^.+
#.......###M@#
##.....##
##MZ.# ###'###
#.### #.# #.# ∆
##.## .?. #.∩.#
!?? #.∩.# ###
#####


You could see 2 mummies and a goblin zombie.

Vanquished Creatures
  2 phantoms (D:4)
  2 hounds (D:4)
  An orc wizard (D:4)
  3 orc priests
  Ijyb (D:4)
  4 worker ants (D:4)
  2 adders (D:2)
  3 gnolls (D:2)
  3 worms
  3 dart slugs
  2 leopard geckos
  8 orcs
  4 bats
  5 giant cockroaches
  6 goblins
  12 hobgoblins
  12 jackals
  10 kobolds
  A ball python (D:2)
  2 frilled lizards (D:1)
  3 rats
89 creatures vanquished.

Notes
Turn   | Place    | Note
-------+----------+-------------------------------------------
     0 | D:1      | jiml777 the Gnoll Warper began the quest for the Orb.
     0 | D:1      | Reached XP level 1. HP: 20/20 MP: 6/6
    72 | D:1      | Found an iron altar of Okawaru.
    92 | D:1      | Reached XP level 2. HP: 17/26 MP: 7/7
   648 | D:1      | Reached XP level 3. HP: 29/31 MP: 9/9
   650 | D:1      | Reached skill level 5 in Spellcasting
  1338 | D:2      | Reached skill level 1 in Invocations
  1735 | D:2      | Reached skill level 1 in Short Blades
  1735 | D:2      | Reached skill level 1 in Long Blades
  1735 | D:2      | Reached skill level 1 in Axes
  1735 | D:2      | Reached skill level 1 in Maces & Flails
  1735 | D:2      | Reached skill level 1 in Staves
  1735 | D:2      | Reached skill level 1 in Slings
  1735 | D:2      | Reached skill level 1 in Bows
  1735 | D:2      | Reached skill level 1 in Crossbows
  1735 | D:2      | Reached skill level 1 in Stealth
  1735 | D:2      | Reached skill level 1 in Shields
  1735 | D:2      | Reached skill level 1 in Unarmed Combat
  1735 | D:2      | Reached skill level 1 in Evocations
  1797 | D:2      | Reached XP level 4. HP: 27/38 MP: 11/11
  1885 | D:2      | Learned a level 2 spell: Blink
  2252 | D:2      | Reached skill level 1 in Conjurations
  2252 | D:2      | Reached skill level 1 in Hexes
  2252 | D:2      | Reached skill level 1 in Summonings
  2252 | D:2      | Reached skill level 1 in Necromancy
  2252 | D:2      | Reached skill level 1 in Transmutations
  2252 | D:2      | Reached skill level 1 in Fire Magic
  2252 | D:2      | Reached skill level 1 in Ice Magic
  2252 | D:2      | Reached skill level 1 in Air Magic
  2252 | D:2      | Reached skill level 1 in Earth Magic
  2252 | D:2      | Reached skill level 1 in Poison Magic
  2783 | D:3      | Reached XP level 5. HP: 42/43 MP: 12/12
  3267 | D:4      | Noticed a phantom
  3299 | D:4      | Killed a phantom
  3299 | D:4      | Reached XP level 6. HP: 43/50 MP: 13/13
  3336 | D:4      | Reached skill level 5 in Fighting
  3336 | D:4      | Reached skill level 5 in Polearms
  3336 | D:4      | Reached skill level 5 in Dodging
  3354 | D:4      | Noticed Ijyb
  3368 | D:4      | Killed Ijyb
  3586 | D:4      | Reached XP level 7. HP: 42/56 MP: 15/15
  3700 | D:4      | Found a sand-covered staircase.
  3710 | Ossuary  | Entered an ossuary
  3735 | Ossuary  | Slain by a mummy

Illustrated notes

Levels and vault maps discovered:
D:1:      minmay_arrival_four_houses, layout_basic, okawaru_ov_weapons_minmay
D:2:      layout_basic
D:3:      layout_loops_cross
D:4:      layout_loops_ring, fedhas_altar_4, chequers_ossuary_entry_cave,
          uniq_ijyb
Ossuary:  ossuary_crypta

Skill      XL: |  1  2  3  4  5  6  7 |
---------------+----------------------+-----
Spellcasting   | 5 |  5.6
Invocations    | 1 2 |  2.8
Short Blades   | 1 2 |  2.5
Long Blades    | 1 2 |  2.5
Axes           | 1 2 |  2.5
Maces & Flails | 1 2 |  2.5
Staves         | 1 2 |  2.5
Slings         | 1 2 |  2.5
Bows           | 1 2 |  2.5
Crossbows      | 1 2 |  2.5
Stealth        | 1 2 |  2.5
Shields        | 1 2 |  2.5
Unarmed Combat | 1 2 |  2.5
Evocations     | 1 2 |  2.5
Conjurations   | 1 2 |  2.0
Hexes          | 1 2 |  2.0
Summonings     | 1 2 |  2.0
Necromancy     | 1 2 |  2.0
Transmutations | 1 2 |  2.0
Fire Magic     | 1 2 |  2.0
Ice Magic      | 1 2 |  2.0
Air Magic      | 1 2 |  2.0
Earth Magic    | 1 2 |  2.0
Poison Magic   | 1 2 |  2.0
Throwing       | 3 |  3.6
Armour         | 3 |  3.6
Fighting       | 5 |  5.2
Polearms       | 5 |  5.2
Dodging        | 5 |  5.2
Translocations | |  5.8

Action                   |  1- 3 |  4- 6 |  7- 9 || total
-------------------------+-------+-------+-------++-------
Melee: Spear             |   162 |    82 |       ||   244
       Bite              |    12 |    18 |     4 ||    34
       Trident           |       |   149 |    47 ||   196
       Punch             |       |     2 |       ||     2
Throw: Dart              |       |     7 |       ||     7
Evoke: Wand              |       |       |     2 ||     2
  Use: Scroll            |       |     6 |       ||     6
 Stab: Sleeping          |       |     1 |       ||     1
Armor: Leather armour    |     3 |    29 |    21 ||    53
       Scale mail        |    53 |    40 |       ||    93
Dodge: Dodged            |    97 |   135 |    33 ||   265

Table legend: (Time is in decaauts)
 A = Elapsed time spent in this place.
 B = Non-inter-level travel time spent in this place.
 C = Inter-level travel time spent in this place.
 D = Time resting spent in this place.
 E = Time spent auto-exploring this place.
 F = Levels seen in this place.
 G = Mean time per level.
                   A        B        C        D        E       F      G
               +--------+--------+--------+--------+--------+-----+--------+
         Total |   3710 |   3670 |     40 |    687 |   1811 |   5 |  742.0 |
       Dungeon |   3685 |   3645 |     40 |    687 |   1811 |   4 |  921.2 |
       Ossuary |     24 |     24 |      0 |      0 |      0 |   1 |   24.0 |
               +--------+--------+--------+--------+--------+-----+--------+

Top non-repeatable levels by time:
     D:1: 1297 daAuts
     D:2: 1253 daAuts
     D:3: 685 daAuts
     D:4: 448 daAuts
 Ossuary: 24 daAuts
